[Event "Titled Tuesday Blitz June 21 Late 2022"]
[White "Artemenko, Oleg"]
[Black "Barria Santos, Jose Guilherme"]
[WhiteFideId "14201798"]
[BlackFideId "1939300"]
[WhiteElo "2596"]
[BlackElo "2471"]
[Result "0-1"]
[Round "07"]
[TimeControl "180+1"]
[Date "2022.06.22"]
[WhiteClock "0:00:19"]
[BlackClock "0:00:07"]

1. e4 c5 2. Nf3 d6 3. d4 cxd4 4. Nxd4 Nf6 5. Nc3 a6 6. h3 e5 7. Nde2 h5 8. g3 Be6 9. Bg2 Be7 10. O-O Nbd7 11. a4 Rc8 12. Be3 O-O 13. b3 Qa5 14. Qd2 Bd8 15. Qxd6 Rxc3 16. Nxc3 Qxc3 17. Qd2 Qxd2 18. Bxd2 Bb6 19. c4 a5 20. Rfd1 Bd4 21. Rab1 b6 22. Be3 Bxe3 23. fxe3 Rc8 24. Bf3 Bxh3 25. Rd6 Kf8 26. Rbd1 Ke7 27. Kh1 Be6 28. Kh2 g5 29. Kg1 g4 30. Bg2 Ne8 31. R6d2 Nc5 32. Rb1 Nd6 33. b4 Ncxe4 34. Bxe4 Nxe4 35. Rc2 Nxg3 36. Rbb2 Ne4 37. bxa5 bxa5 38. Rb5 Rc5 39. Rxc5 Nxc5 40. Rb2 h4 41. Rb5 Nd3 42. Rxa5 g3 43. Kg2 Ne1+ 44. Kf1 h3 45. Rxe5 h2 46. Rh5 g2+ 47. Kxe1 h1=Q+ 48. Kd2 Qxh5 49. Kc3 g1=Q 50. c5 Qxe3+ 51. Kb2 Qhe5+ 52. Kb1 Qd3+ 53. Kc1 Qed4 54. c6 Qb4 55. c7 Qbc3# 0-1


[Site "https://www.chess.com"]

[Event "Titled Tuesday Blitz June 21 Late 2022"]
[White "Avazkhonov, Alikhon"]
[Black "Tologon tegin, Semetei"]
[WhiteFideId "14208504"]
[BlackFideId "13800574"]
[WhiteElo "1739"]
[BlackElo "2174"]
[Result "0-1"]
[Round "07"]
[TimeControl "180+1"]
[Date "2022.06.22"]
[WhiteClock "0:00:02"]
[BlackClock "0:00:28"]

1. d4 d5 2. c4 e6 3. Nc3 Nf6 4. cxd5 exd5 5. Bg5 c6 6. e3 Bf5 7. Qf3 Bg6 8. Bxf6 Qxf6 9. Qxf6 gxf6 10. h4 h5 11. Nh3 Nd7 12. Nf4 Bd6 13. Nxg6 fxg6 14. O-O-O a5 15. e4 dxe4 16. Nxe4 Be7 17. d5 cxd5 18. Rxd5 f5 19. Bb5 O-O-O 20. Bxd7+ Rxd7 21. Rxa5 Kb8 22. Nc3 Rc8 23. Rd1 Rxd1+ 24. Kxd1 Bxh4 25. g3 Bf6 26. Kd2 Bd4 27. f3 Bf2 28. Ne2 Rd8+ 29. Kc2 Be1 30. Re5 Rd2+ 31. Kc1 Rd3 32. f4 Bxg3 33. Re6 Rf3 34. Rxg6 Bxf4+ 35. Kc2 h4 36. Rf6 Bg3 37. Rf8+ Ka7 38. Nd4 Rf2+ 39. Kb3 h3 40. Rxf5 Rxf5 41. Nxf5 Bf4 0-1


[Site "https://www.chess.com"]

[Event "Titled Tuesday Blitz June 21 Late 2022"]
[White "Barp, Alberto"]
[Black "Titichoca Daza, Daniel"]
[WhiteFideId "872555"]
[BlackFideId "3309550"]
[WhiteElo "2229"]
[BlackElo "1912"]
[Result "1-0"]
[Round "07"]
[TimeControl "180+1"]
[Date "2022.06.21"]
[WhiteClock "0:00:59"]
[BlackClock "0:00:56"]

1. d4 d5 2. Nf3 Nf6 3. c4 e6 4. g3 dxc4 5. Bg2 c5 6. O-O Nc6 7. Qa4 Bd7 8. Qxc4 cxd4 9. Nxd4 Nxd4 10. Qxd4 Bc6 11. Bxc6+ bxc6 12. Rd1 Qxd4 13. Rxd4 Be7 14. Rc4 c5 15. Nd2 O-O 16. Nb3 Nd5 17. Bd2 Rfc8 18. Rac1 Bf6 19. R1c2 Be7 20. Rc1 Bf6 21. R4c2 Rab8 22. e4 Nb4 23. Bxb4 Rxb4 24. Rxc5 Rxc5 25. Rxc5 Kf8 26. e5 Be7 27. Rc8+ Bd8 28. Rxd8+ Ke7 29. Ra8 g5 30. Rxa7+ Kf8 31. Kf1 h5 32. h3 Kg7 33. Ke2 Kg6 34. Kd3 g4 35. hxg4 Rxg4 36. Rc7 Rb4 37. Rc4 Rb5 38. Re4 Kf5 39. Nd4+ 1-0


[Site "https://www.chess.com"]

[Event "Titled Tuesday Blitz June 21 Late 2022"]
[White "Bayo Milagro, Alvaro"]
[Black "Livaic, Leon"]
[WhiteFideId "22275240"]
[BlackFideId "14531534"]
[WhiteElo "2270"]
[BlackElo "2540"]
[Result "0-1"]
[Round "07"]
[TimeControl "180+1"]
[Date "2022.06.21"]
[WhiteClock "0:01:39"]
[BlackClock "0:01:06"]

1. d4 e6 2. c4 d5 3. Nf3 Nf6 4. g3 Ne4 5. Bg2 f5 6. O-O Be7 7. Qc2 Nc6 8. Nc3 h5 9. Qb3 Na5 10. Qa4+ c6 11. Ne5 Nxc3 12. bxc3 Nxc4 13. Nxc4 b5 14. Qc2 bxc4 15. f3 h4 16. e4 hxg3 17. hxg3 Bd6 18. e5 Be7 19. Rb1 Kf7 20. Kf2 c5 21. Be3 Qc7 22. Rh1 Bd7 23. g4 g6 24. Rxh8 Rxh8 25. Rh1 Rxh1 26. Bxh1 cxd4 27. Bxd4 Bc5 28. Qd2 Qb6 29. Ke3 g5 30. gxf5 exf5 31. f4 gxf4+ 32. Kxf4 Qh6+ 0-1


[Site "https://www.chess.com"]

[Event "Titled Tuesday Blitz June 21 Late 2022"]
[White "Bintang, Rasyid A. Hidayat"]
[Black "Rychkov, Roman"]
[WhiteFideId "7105355"]
[BlackFideId "30985595"]
[WhiteElo "2404"]
[BlackElo "2298"]
[Result "0-1"]
[Round "07"]
[TimeControl "180+1"]
[Date "2022.06.22"]
[WhiteClock "0:00:02"]
[BlackClock "0:00:10"]

1. d4 Nf6 2. Bf4 d5 3. e3 c5 4. Nd2 cxd4 5. exd4 Nc6 6. Ngf3 Bg4 7. c3 e6 8. Qb3 Qc8 9. Bd3 Nd7 10. O-O Be7 11. h3 Bh5 12. Rfe1 O-O 13. Nf1 Bg6 14. Bxg6 hxg6 15. Ng3 Na5 16. Qc2 Nc4 17. Nd2 b5 18. Nxc4 bxc4 19. Nf1 a5 20. Nd2 a4 21. a3 Qb7 22. Re2 Ra6 23. Nf3 Rb6 24. Ne5 Nxe5 25. Bxe5 Bd6 26. Bxd6 Rxd6 27. Qxa4 Rb6 28. Qc2 Rb8 29. Ra2 Rb3 30. f4 Qc7 31. g3 Qa5 32. g4 Qc7 33. Qd2 g5 34. fxg5 Qg3+ 35. Rg2 Qxh3 36. g6 fxg6 37. Qg5 Rf8 38. Qe5 Rf6 39. g5 Rf8 40. a4 Rb7 41. a5 Qf5 42. Qxf5 gxf5 43. a6 Ra7 44. Re2 Kf7 45. g6+ Kf6 46. Rg2 Rfa8 47. Ra5 Rxa6 48. Rb5 Ra1+ 49. Kf2 R1a7 50. Kf3 Rh8 51. Kf4 Rh4+ 52. Kf3 Rg4 53. Rxg4 fxg4+ 54. Kxg4 Kxg6 55. Rb6 Kf6 56. b3 cxb3 57. Rxb3 Rc7 58. Kf4 g5+ 59. Kg4 Rh7 60. c4 Rh4+ 61. Kg3 Rxd4 62. cxd5 Rxd5 63. Rf3+ Kg6 64. Kg4 Rd4+ 65. Kg3 e5 66. Re3 Kf5 67. Rf3+ Rf4 68. Re3 e4 69. Re2 Rf3+ 70. Kg2 Kf4 71. Ra2 Rb3 72. Re2 e3 73. Re1 Rb2+ 74. Kg1 Kf3 75. Rf1+ Kg3 76. Re1 Kf3 77. Rf1+ Rf2 78. Re1 e2 79. Ra1 Rf1+ 0-1


[Site "https://www.chess.com"]

[Event "Titled Tuesday Blitz June 21 Late 2022"]
[White "Bjelobrk, Igor"]
[Black "D`Arruda, Ricardo D."]
[WhiteFideId "4300726"]
[BlackFideId "100692"]
[WhiteElo "2335"]
[BlackElo "2504"]
[Result "1-0"]
[Round "07"]
[TimeControl "180+1"]
[Date "2022.06.22"]
[WhiteClock "0:00:13"]
[BlackClock "0:00:01"]

1. Nf3 d5 2. g3 Nf6 3. Bg2 c6 4. c4 g6 5. Qa4 Bg7 6. cxd5 Nxd5 7. O-O O-O 8. d3 Nd7 9. Qh4 e5 10. Qxd8 Rxd8 11. Nbd2 N7b6 12. a3 a5 13. Ne4 f6 14. Bd2 Bf8 15. Rfc1 Kf7 16. Nc5 a4 17. Rc2 Ra7 18. Rac1 Ra8 19. e4 Nc7 20. Be3 Nd7 21. Nxd7 Rxd7 22. d4 exd4 23. Nxd4 Rd8 24. f4 Ne6 25. Ne2 Bd7 26. f5 Nc7 27. g4 Nb5 28. Kf2 Be8 29. Nf4 g5 30. Ne6 Rd3 31. h4 h6 32. hxg5 hxg5 33. Rh1 Kg8 34. Bf1 Rb3 35. Nxf8 Kxf8 36. Bc5+ Kg7 37. Bc4 Rd8 38. Bxb3 axb3 39. Re2 Bf7 40. Ke3 Re8 41. Reh2 Bg8 42. Rh6 Nc7 43. Rg6+ Kf7 44. Rhh6 Nd5+ 45. Kd4 Nf4 46. Rxf6+ Kg7 47. Rhg6+ Nxg6 48. Rxg6+ Kf7 49. e5 Bh7 50. Rf6+ Kg7 51. Bd6 Bg8 52. Rg6+ Kh7 53. Rxg5 1-0


[Site "https://www.chess.com"]

[Event "Titled Tuesday Blitz June 21 Late 2022"]
[White "Bortnyk, Mykola"]
[Black "Sarana, Alexey"]
[WhiteFideId "14120836"]
[BlackFideId "24133795"]
[WhiteElo "2582"]
[BlackElo "2666"]
[Result "1-0"]
[Round "07"]
[TimeControl "180+1"]
[Date "2022.06.21"]
[WhiteClock "0:00:11"]
[BlackClock "0:00:05"]

1. e4 c5 2. c3 d5 3. exd5 Qxd5 4. d4 Nc6 5. Be3 cxd4 6. cxd4 e6 7. Nc3 Qd6 8. Nf3 Nf6 9. Bd3 Be7 10. a3 O-O 11. O-O b6 12. Qe2 Bb7 13. Rad1 Rac8 14. Rfe1 Qb8 15. Bb1 Rfd8 16. Bg5 h6 17. Bh4 Nh7 18. Bg3 Qa8 19. d5 exd5 20. Nxd5 Bf8 21. Bf5 Re8 22. Qd3 Rxe1+ 23. Rxe1 Rd8 24. Bxh7+ Kh8 25. Bc7 Nb4 26. Nxb4 Rxd3 27. Bxd3 a5 28. Nc2 Bxf3 29. gxf3 Qd5 30. Be4 Qg5+ 31. Bg3 Qd2 32. Kf1 g6 33. Be5+ Bg7 34. Bxg7+ Kxg7 35. Re2 Qc1+ 36. Ne1 h5 37. a4 Qf4 38. Kg2 Qg5+ 39. Kh1 Qc1 40. b3 h4 41. h3 f5 42. Ba8 Qd1 43. Re3 f4 44. Re4 Qxb3 45. Ng2 g5 46. Bc6 Qc3 47. Bb7 Qc2 48. Kg1 Qd1+ 49. Ne1 Qc1 50. Kg2 Qc7 51. Bd5 Qd6 52. Bc4 Qd2 53. Bb5 Qd1 54. Nd3 Kf6 55. Ne5 Qd6 56. Ng4+ Kg7 57. Re5 Qd8 58. Re6 Qc7 59. Rc6 Qd8 60. Ne5 Qd4 61. Rg6+ Kf8 62. Rxg5 Qd2 63. Ng6+ Kf7 64. Rg4 Qb2 65. Nxf4 Kf6 66. Rxh4 Kg5 67. Rg4+ Kf5 68. h4 Qh8 69. Nh3 Kf6 70. Rf4+ Ke5 71. Rg4 Kd6 72. Nf4 Qh7 73. h5 Ke5 74. Kg3 Kf5 75. Bd3+ Kf6 76. Bxh7 b5 77. axb5 1-0


[Site "https://www.chess.com"]

[Event "Titled Tuesday Blitz June 21 Late 2022"]
[White "Cappelletto, Joshuaede"]
[Black "Janaszak, Dawid"]
[WhiteFideId "2824383"]
[BlackFideId "1119206"]
[WhiteElo "1761"]
[BlackElo "2199"]
[Result "1-0"]
[Round "07"]
[TimeControl "180+1"]
[Date "2022.06.22"]
[WhiteClock "0:00:11"]
[BlackClock "0:00:48"]

1. Nf3 Nc6 2. e4 e5 3. Bc4 Nf6 4. d4 exd4 5. O-O Nxe4 6. Re1 d5 7. Bxd5 Qxd5 8. Nc3 Qd7 9. Rxe4+ Be7 10. Nxd4 f5 11. Rf4 O-O 12. Nxc6 Qxd1+ 13. Nxd1 bxc6 14. Be3 g5 15. Rc4 Bd6 16. Bxg5 f4 17. g3 f3 18. Bf4 Be6 19. Bxd6 Bxc4 20. Bxf8 Rxf8 21. Ne3 Be2 22. g4 Kg7 23. h3 Kf6 24. Kh2 Rb8 25. b3 Ke5 26. c3 Kf4 27. h4 Rd8 28. g5 Rd2 29. Rg1 Rxa2 30. h5 Bd3 31. Rg4+ Ke5 32. Kg3 Ra1 33. Kxf3 Re1 34. Kg3 Be2 35. g6 hxg6 36. Rxg6 Rg1+ 37. Ng2 Kf5 38. Kh2 Rf1 39. Ne3+ Kf4 40. Nxf1 1-0


[Site "https://www.chess.com"]

[Event "Titled Tuesday Blitz June 21 Late 2022"]
[White "Carbone, Diego"]
[Black "Prieto Aranguren, Alain"]
[WhiteFideId "3002179"]
[BlackFideId "2268906"]
[WhiteElo "2199"]
[BlackElo "2224"]
[Result "1-0"]
[Round "07"]
[TimeControl "180+1"]
[Date "2022.06.22"]
[WhiteClock "0:01:01"]
[BlackClock "0:00:08"]

1. d4 Nf6 2. c4 g6 3. g3 Bg7 4. Bg2 O-O 5. Nc3 d6 6. Nf3 Nbd7 7. O-O e5 8. e4 c6 9. h3 Qb6 10. Re1 exd4 11. Nxd4 Ne8 12. Nb3 Ne5 13. c5 dxc5 14. Be3 Nd7 15. Na4 Qc7 16. Naxc5 Nxc5 17. Bxc5 Bxb2 18. Rb1 Bg7 19. Bxf8 Bxf8 20. f4 a5 21. Kh2 a4 22. Nd4 Bc5 23. e5 Ng7 24. Rc1 Qb6 25. Nf3 Be6 26. Ng5 Bxa2 27. Qc2 Bf2 28. Qxa2 Bxe1 29. Qxf7+ Kh8 30. Rxe1 a3 31. Qf6 Qb2 32. Ne6 Rg8 33. Rd1 h6 34. Rd7 1-0


[Site "https://www.chess.com"]

[Event "Titled Tuesday Blitz June 21 Late 2022"]
[White "Carrasco Miranda, Andres"]
[Black "Sanchez Alarcon, Juan"]
[WhiteFideId "3405990"]
[BlackFideId "3401332"]
[WhiteElo "2177"]
[BlackElo "2164"]
[Result "0-1"]
[Round "07"]
[TimeControl "180+1"]
[Date "2022.06.22"]
[WhiteClock "0:00:01"]
[BlackClock "0:00:56"]

1. d4 Nf6 2. c4 g6 3. g3 Bg7 4. Bg2 d6 5. Nc3 O-O 6. Nf3 Nbd7 7. O-O e5 8. e4 c6 9. h3 Qb6 10. Re1 exd4 11. Nxd4 Re8 12. Re2 Nc5 13. Rb1 a5 14. Be3 Qc7 15. Bf4 Nh5 16. Be3 Nf6 17. Qc2 Bd7 18. Rd1 Rad8 19. f4 Bc8 20. Bf2 Nfd7 21. Ndb5 cxb5 22. Nxb5 Qb8 23. Nxd6 Re6 24. e5 Bf8 25. Ne4 Rde8 26. Ng5 Ra6 27. Bd5 Ne6 28. h4 Nxg5 29. hxg5 Nc5 30. Red2 Bg4 31. Re1 Bf5 32. Qd1 Qc8 33. Kh2 a4 34. Bd4 Ne6 35. g4 Nxd4 36. gxf5 Nxf5 37. Qf3 Bb4 38. Red1 Bxd2 39. Rxd2 Rb6 40. b3 axb3 41. axb3 Qc5 42. Kh3 Qb4 43. Rd3 Qe1 44. Bxf7+ Kxf7 45. Qd5+ Rbe6 46. Qd7+ R8e7 47. Qc8 Qh4+ 48. Kg2 Qxf4 49. Qh8 Qxg5+ 50. Kf1 Qh5 51. Rd8 Rxe5 52. Qf8+ Ke6 53. Qg8+ Kf6 54. Qf8+ Kg5 55. Rd2 Re1+ 56. Kg2 Qh1+ 57. Kf2 Qg1+ 58. Kf3 Rf1+ 59. Rf2 Rxf2# 0-1


[Site "https://www.chess.com"]

[Event "Titled Tuesday Blitz June 21 Late 2022"]
[White "Christiansen, Johan-Sebastian"]
[Black "Swiercz, Dariusz"]
[WhiteFideId "1512668"]
[BlackFideId "1126881"]
[WhiteElo "2513"]
[BlackElo "2627"]
[Result "1-0"]
[Round "07"]
[TimeControl "180+1"]
[Date "2022.06.21"]
[WhiteClock "0:00:49"]
[BlackClock "0:00:17"]

1. e4 c6 2. d4 d5 3. Nd2 dxe4 4. Nxe4 Nd7 5. Nf3 Ngf6 6. Nxf6+ Nxf6 7. Bc4 Bf5 8. c3 e6 9. O-O Be7 10. h3 O-O 11. a4 Qc7 12. Qe2 c5 13. Bg5 Rad8 14. Rfd1 h6 15. Bh4 Rfe8 16. a5 a6 17. Bg3 Bd6 18. Be5 cxd4 19. Bxd4 Nd7 20. Bb3 Bc5 21. Ba4 Bxd4 22. Rxd4 Rf8 23. Rad1 Nc5 24. Bc2 Rxd4 25. cxd4 Nd7 26. Bxf5 exf5 27. b4 Qd6 28. Qc4 Nf6 29. Ne5 Qd5 30. Qc7 Re8 31. Rc1 Ne4 32. Rc4 Ng5 33. h4 Ne6 34. Qxf7+ 1-0


[Site "https://www.chess.com"]

[Event "Titled Tuesday Blitz June 21 Late 2022"]
[White "Clarke, Brandon G I"]
[Black "Zhurbinsky, David"]
[WhiteFideId "400319"]
[BlackFideId "2072904"]
[WhiteElo "2414"]
[BlackElo "2569"]
[Result "1-0"]
[Round "07"]
[TimeControl "180+1"]
[Date "2022.06.21"]
[WhiteClock "0:00:26"]
[BlackClock "0:00:01"]

1. e4 e5 2. Nf3 Nc6 3. Bc4 Bc5 4. O-O d6 5. c3 Nf6 6. d4 Bb6 7. Re1 O-O 8. h3 h6 9. a4 a6 10. dxe5 dxe5 11. Qe2 Qe7 12. b4 Be6 13. Nbd2 Nh5 14. a5 Nf4 15. Qf1 Ba7 16. Nb3 Qf6 17. Kh2 Rad8 18. Be3 Bxe3 19. Rxe3 Qg6 20. Bxe6 Nxe6 21. Nh4 Qg5 22. Nf5 Qf4+ 23. g3 Qg5 24. h4 Qh5 25. g4 Qg6 26. b5 axb5 27. Qxb5 Nf4 28. Qxb7 Kh8 29. Qxc7 Qxg4 30. Rg1 Rc8 31. Qd6 Qh5 32. Rxg7 Rb8 33. Qf6 1-0


[Site "https://www.chess.com"]

[Event "Titled Tuesday Blitz June 21 Late 2022"]
[White "Corrales Jimenez, Fidel"]
[Black "Bluebaum, Matthias"]
[WhiteFideId "3506690"]
[BlackFideId "24651516"]
[WhiteElo "2541"]
[BlackElo "2556"]
[Result "0-1"]
[Round "07"]
[TimeControl "180+1"]
[Date "2022.06.21"]
[WhiteClock "0:00:01"]
[BlackClock "0:00:41"]

1. d4 Nf6 2. c4 e6 3. Nc3 Bb4 4. Qc2 d5 5. a3 Bxc3+ 6. Qxc3 b6 7. Bg5 dxc4 8. Qxc4 Ba6 9. Qa4+ Qd7 10. Qxd7+ Nbxd7 11. f3 c5 12. dxc5 Nxc5 13. b4 Na4 14. g4 Rc8 15. h4 O-O 16. Nh3 Nd5 17. Kf2 Rc2 18. Nf4 Nxf4 19. Bxf4 Nc3 20. Re1 Rd8 21. h5 f6 22. g5 e5 23. Bg3 Rdd2 24. gxf6 gxf6 25. Rg1 Nxe2 26. Ke3 Kf7 27. Rg2 Rd3+ 28. Ke4 Ke6 29. b5 Bxb5 30. f4 f5# 0-1


[Site "https://www.chess.com"]

[Event "Titled Tuesday Blitz June 21 Late 2022"]
[White "Dauner, Benedikt"]
[Black "Gardezi, Arsal"]
[WhiteFideId "16225899"]
[BlackFideId "30949521"]
[WhiteElo "2230"]
[BlackElo "1781"]
[Result "1-0"]
[Round "07"]
[TimeControl "180+1"]
[Date "2022.06.22"]
[WhiteClock "0:01:13"]
[BlackClock "0:00:12"]

1. h3 d5 2. a3 e5 3. b3 c5 4. g3 Nc6 5. Bg2 Nf6 6. Bb2 Bd6 7. e3 e4 8. d3 exd3 9. cxd3 Bf5 10. g4 Bg6 11. f4 h5 12. f5 Bh7 13. Nd2 Qe7 14. Qe2 Bg3+ 15. Kf1 g6 16. g5 Ne5 17. gxf6 Qxf6 18. Ngf3 Qxf5 19. e4 dxe4 20. Nxe4 O-O 21. Nf6+ Qxf6 22. Bxe5 Bxe5 23. Qxe5 Qb6 24. Qc3 Rad8 25. Rd1 g5 26. Nxg5 Bf5 27. Be4 Bg6 28. Rg1 Qd6 29. Rd2 Rde8 30. Rf2 f5 31. Bxf5 Qf6 32. Ne6 Qxc3 33. Rxg6+ Kh7 34. Rg7+ Kh6 35. Rh7# 1-0


[Site "https://www.chess.com"]

[Event "Titled Tuesday Blitz June 21 Late 2022"]
[White "Desideri, Ricardo Maruchi"]
[Black "Thiel, Thomas"]
[WhiteFideId "2110440"]
[BlackFideId "4615964"]
[WhiteElo "1945"]
[BlackElo "2220"]
[Result "0-1"]
[Round "07"]
[TimeControl "180+1"]
[Date "2022.06.22"]
[WhiteClock "0:00:16"]
[BlackClock "0:01:41"]

1. e4 d5 2. exd5 Nf6 3. Bb5+ Nbd7 4. c4 a6 5. Ba4 b5 6. cxb5 Nxd5 7. bxa6 Bxa6 8. d3 Nb4 9. Bc2 Nc5 10. Ba4+ c6 11. d4 Ncd3+ 12. Kd2 Qxd4 13. Nf3 Qxf2+ 14. Kc3 Nd5+ 15. Kb3 Qb6+ 16. Kc2 N3b4+ 17. Kb3 Nd3+ 18. Kc2 N5b4+ 19. Kc3 Qc5+ 20. Kd2 Rd8 0-1


[Site "https://www.chess.com"]

[Event "Titled Tuesday Blitz June 21 Late 2022"]
[White "Diaz Rosas, Julio Cesar"]
[Black "Fedoseev, Vladimir"]
[WhiteFideId "5105099"]
[BlackFideId "24130737"]
[WhiteElo "2278"]
[BlackElo "2726"]
[Result "0-1"]
[Round "07"]
[TimeControl "180+1"]
[Date "2022.06.21"]
[WhiteClock "0:00:04"]
[BlackClock "0:02:23"]

1. e4 c5 2. Nf3 d6 3. d4 cxd4 4. Nxd4 Nf6 5. Nc3 a6 6. Bg5 e6 7. f4 h6 8. Bh4 Qb6 9. Qd2 Qxb2 10. Rb1 Qa3 11. Be2 Nbd7 12. O-O Qc5 13. Kh1 Be7 14. f5 e5 15. Ne6 fxe6 16. fxe6 Nf8 17. Rxf6 Bxf6 18. Bh5+ Kd8 19. e7+ Bxe7 20. Bxe7+ Kxe7 21. Nd5+ Kd8 22. Rf1 Be6 23. Ne3 Nd7 24. Bg4 Bxg4 25. Nxg4 Rf8 26. Rd1 Rc8 27. Ne3 Nf6 28. Nf5 Nxe4 29. Qe2 Nf2+ 0-1


[Site "https://www.chess.com"]

[Event "Titled Tuesday Blitz June 21 Late 2022"]
[White "Dilmukhametov, Artur"]
[Black "Postnikov, Daniil"]
[WhiteFideId "24179922"]
[BlackFideId "4166329"]
[WhiteElo "2206"]
[BlackElo "2261"]
[Result "1-0"]
[Round "07"]
[TimeControl "180+1"]
[Date "2022.06.22"]
[WhiteClock "0:00:03"]
[BlackClock "0:00:03"]

1. e4 e6 2. d4 d5 3. Nd2 c5 4. exd5 Qxd5 5. Ngf3 cxd4 6. Bc4 Qd6 7. O-O Nc6 8. Nb3 a6 9. Nbxd4 Nxd4 10. Nxd4 Qc7 11. Bb3 Bd6 12. h3 Ne7 13. c3 O-O 14. Bc2 e5 15. Nf3 h6 16. Qe2 f5 17. Bb3+ Kh8 18. Ng5 Ng8 19. Qh5 Nf6 20. Nf7+ Kh7 21. Ng5+ Kh8 22. Qh4 Nh7 23. Ne6 Bxe6 24. Bxe6 Rae8 25. Bb3 e4 26. Be3 f4 27. Bd4 Be5 28. Rad1 Ng5 29. Qh5 Bxd4 30. Rxd4 e3 31. fxe3 fxe3 32. Rxf8+ Rxf8 33. Qg4 Qb6 34. h4 Nh7 35. Kh2 Qf6 36. Re4 Qf2 37. Re7 g5 38. Qd4+ Nf6 39. Rxe3 Qxh4+ 40. Qxh4 gxh4 41. Kh3 Nh5 42. Re7 Nf4+ 43. Kxh4 Ng6+ 44. Kh5 Nxe7 45. Kxh6 Nf5+ 46. Kg5 Ne3 47. g4 Rd8 48. Kf4 Nd1 49. g5 Kg7 50. Ke5 Nxb2 51. Bd5 Nd3+ 52. Ke4 Nc5+ 53. Ke5 Nd3+ 54. Ke4 Nf2+ 55. Ke5 Nh3 56. c4 Nxg5 57. Bxb7 Nf7+ 58. Ke6 a5 59. Ke7 Rd2 60. Bd5 Ne5 61. Ke6 Nd3 62. Kd6 Rxa2 63. c5 Nb4 64. Bxa2 Nxa2 65. c6 Nc3 66. Kc5 a4 67. c7 Ne4+ 68. Kd5 Nf6+ 69. Ke6 a3 70. c8=Q a2 71. Qc7+ Kg6 72. Qf7+ 1-0


[Site "https://www.chess.com"]

[Event "Titled Tuesday Blitz June 21 Late 2022"]
[White "Do Valle Cardoso, Lucas"]
[Black "Oro, Luis"]
[WhiteFideId "2163144"]
[BlackFideId "104094"]
[WhiteElo "2277"]
[BlackElo "2370"]
[Result "1-0"]
[Round "07"]
[TimeControl "180+1"]
[Date "2022.06.22"]
[WhiteClock "0:00:49"]
[BlackClock "0:01:42"]

1. d4 Nf6 2. c4 e6 3. Nc3 Bb4 4. Bd2 O-O 5. Nf3 d5 6. e3 c5 7. a3 Bxc3 8. Bxc3 dxc4 9. Bxc4 cxd4 10. Nxd4 Nbd7 11. Bb4 Re8 12. O-O Nb6 13. Bb5 Bd7 14. Be2 Nbd5 15. Be1 Rc8 16. Rc1 Qb6 17. Rxc8 Rxc8 18. Qb1 e5 19. Nf5 g6 20. Ng3 Nc3 21. Bxc3 Rxc3 22. bxc3 Qc7 23. c4 Be6 24. Qb4 Nd7 25. Ne4 f5 26. Ng5 1-0


[Site "https://www.chess.com"]

[Event "Titled Tuesday Blitz June 21 Late 2022"]
[White "Domingo Nunez, Alejandro"]
[Black "De La Colina, Nicolas"]
[WhiteFideId "22245561"]
[BlackFideId "30946921"]
[WhiteElo "2670"]
[BlackElo "2524"]
[Result "1-0"]
[Round "07"]
[TimeControl "180+1"]
[Date "2022.06.22"]
[WhiteClock "0:00:06"]
[BlackClock "0:00:03"]

1. Nf3 g6 2. d4 f5 3. g3 Nf6 4. Bg2 Bg7 5. O-O O-O 6. c4 d6 7. Nc3 c6 8. b4 e5 9. d5 e4 10. Nd4 Qe8 11. Bf4 Qe7 12. c5 dxc5 13. d6 Qf7 14. bxc5 Na6 15. Rc1 Nxc5 16. Ncb5 Ne6 17. Nxe6 Bxe6 18. Nc7 Rad8 19. Qa4 a6 20. Qb4 Nh5 21. Bg5 Nf6 22. Rfd1 Rd7 23. Qxb7 Bxa2 24. Qxc6 h6 25. Be3 Rfd8 26. Bb6 Bb3 27. Rd2 Rf8 28. Nxa6 Ng4 29. Nc5 Be6 30. Nxd7 Bxd7 31. Qc4 Be6 32. Qb4 Rb8 33. Qa5 e3 34. fxe3 Bd7 35. Rc7 Re8 36. Bd5 Re6 37. Bxe6 Qxe6 38. Qd5 Bf6 39. Rxd7 1-0


[Site "https://www.chess.com"]

[Event "Titled Tuesday Blitz June 21 Late 2022"]
[White "Domingo Nunez, Ruben"]
[Black "Vivas Zamora, Fabian Ernesto"]
[WhiteFideId "22245570"]
[BlackFideId "3902480"]
[WhiteElo "2376"]
[BlackElo "2014"]
[Result "1-0"]
[Round "07"]
[TimeControl "180+1"]
[Date "2022.06.22"]
[WhiteClock "0:00:06"]
[BlackClock "0:00:02"]

1. Nf3 Nf6 2. b3 g6 3. Bb2 Bg7 4. g3 O-O 5. Bg2 d5 6. O-O c5 7. e3 Nc6 8. c4 d4 9. exd4 cxd4 10. Re1 Nd7 11. d3 e5 12. a3 a5 13. Nbd2 Nc5 14. Ne4 Nxe4 15. Rxe4 Bf5 16. Re1 Qd7 17. Ng5 Rab8 18. Ne4 Bh3 19. b4 Bxg2 20. Kxg2 axb4 21. axb4 f5 22. Nc5 Qf7 23. Qb3 f4 24. b5 fxg3 25. fxg3 Qf3+ 26. Kg1 Bh6 27. Qd1 Be3+ 28. Rxe3 Qxe3+ 29. Kh1 Nb4 30. Ba3 b6 31. Bxb4 bxc5 32. Bxc5 Rf2 33. Qg4 Qe2 34. Qxe2 Rxe2 35. Bd6 e4 36. Bxb8 exd3 37. Bf4 g5 38. Bxg5 d2 39. Bxd2 Rxd2 40. Rb1 d3 41. b6 Re2 42. b7 d2 43. b8=Q+ Kg7 1-0


[Site "https://www.chess.com"]

[Event "Titled Tuesday Blitz June 21 Late 2022"]
[White "Fiorito, Fabian"]
[Black "Sadilek, Peter"]
[WhiteFideId "100200"]
[BlackFideId "1616439"]
[WhiteElo "2395"]
[BlackElo "2145"]
[Result "1-0"]
[Round "07"]
[TimeControl "180+1"]
[Date "2022.06.22"]
[WhiteClock "0:00:12"]
[BlackClock "0:00:14"]

1. Nf3 g6 2. g3 b6 3. Bg2 Bb7 4. O-O Bg7 5. d4 Nf6 6. c4 O-O 7. Nc3 Ne4 8. Qc2 Nxc3 9. Qxc3 c5 10. e3 Nc6 11. Qd2 d5 12. dxc5 dxc4 13. Qe2 Qd3 14. Qxd3 cxd3 15. cxb6 axb6 16. Rd1 Nb4 17. a3 Nc2 18. Rb1 Rfd8 19. Bd2 e5 20. Bc3 e4 21. Nd2 f5 22. Bxg7 Kxg7 23. Rbc1 Rac8 24. Nb1 Na1 25. Rxc8 Rxc8 26. Nc3 Nb3 27. g4 Kf6 28. gxf5 gxf5 29. h3 Ke5 30. Kh2 Nc5 31. Bh1 Rg8 32. Bg2 f4 33. b4 Ne6 34. Re1 f3 35. Bf1 Rc8 36. Na4 Rc2 37. Kg1 b5 38. Nb6 Nc5 39. bxc5 Rxc5 40. Nd7+ Kd6 41. Nxc5 Kxc5 42. Rc1+ Kb6 43. Rd1 Bd5 44. Bxd3 exd3 45. Rxd3 Bc4 46. Rc3 Kc5 47. Kh2 Kd5 48. Kg3 Be2 49. Kf4 h5 50. e4+ Kd4 51. Rc7 Kd3 52. e5 Kd2 53. e6 Ke1 54. e7 Kxf2 55. e8=Q Kf1 56. Rc2 Bd3 57. Rc1+ Kg2 58. Qe1 Be2 59. Qg1+ Kxh3 60. Qg3# 1-0


[Site "https://www.chess.com"]

[Event "Titled Tuesday Blitz June 21 Late 2022"]
[White "Florescu, Codrut-Constantin"]
[Black "Pulpan, Jakub"]
[WhiteFideId "1202200"]
[BlackFideId "302759"]
[WhiteElo "2191"]
[BlackElo "2495"]
[Result "1-0"]
[Round "07"]
[TimeControl "180+1"]
[Date "2022.06.21"]
[WhiteClock "0:00:13"]
[BlackClock "0:00:01"]

1. d4 Nf6 2. Nf3 d5 3. c4 e6 4. Nc3 c5 5. e3 dxc4 6. Bxc4 a6 7. a4 Nc6 8. O-O cxd4 9. exd4 Nb4 10. Bg5 Be7 11. Re1 O-O 12. Ne5 h6 13. Bxf6 Bxf6 14. Ne4 Bxe5 15. dxe5 Nc6 16. Nd6 Qe7 17. f4 Rd8 18. Qh5 Bd7 19. Re3 Be8 20. Rg3 Kf8 21. Qg4 g6 22. Rf1 Rxd6 23. exd6 Qxd6 24. Bd3 Nd4 25. Rh3 h5 26. Qg5 Bc6 27. Qf6 Rd8 28. Bxg6 Ne2+ 29. Kh1 Rd7 30. Rxh5 Ke8 31. Rh8+ Qf8 32. Rxf8+ Kxf8 33. Bh7 Rd2 34. Qg5 Nd4 35. f5 e5 36. f6 Ne6 37. Qxd2 Nf4 38. Qd6+ 1-0


[Site "https://www.chess.com"]